[Event "Saturday 20 January Rapid Engine Tour 12+1 Rounds 9 Starts 1600 ST"]
[Site "Infinity Chess"]
[Date "2018.1.20"]
[Round "8"]
[White "Thinker"]
[Black "Gilgamesch"]
[Result "1/2-1/2"]
[ECO "C50"]
[WhiteElo "2424"]
[BlackElo "2471"]
[WhiteEngine "BrainFish_180113_x64_modern_CTG"]
[BlackEngine "BrainFish_171005_x64_bmi2"]
[EventType "Swiss"]
[WhiteTeam ""]
[BlackTeam ""]
[PlyCount "86"]
[TimeControl "720+1"]

1. e4 e5 2. Nf3 Nc6 3. Bc4 Bc5 4. d3 Nf6 5. c3 a5 6. O-O d6 7. h3 h6 8. a4 Ba7 
9. Re1 g5 10. Qb3 Rh7 11. Be3 Bxe3 12. fxe3 g4 13. hxg4 Nxg4 14. Nbd2 h5 
15. Re2 h4 16. Rf1 Qe7 17. Nh2 Nd8 18. Ndf3 Nxh2 19. Kxh2 Bd7 20. Ref2 f6 
21. Kh1 Rh6 22. d4 Qg7 23. Nh2 Rg6 24. Be2 Ke7 25. Bh5 Rg5 26. Qd1 Bc6 
27. d5 Bd7 28. Qe2 Rg3 29. Rxf6 h3 30. R6f2 hxg2+ 31. Rxg2 Rxg2 32. Qxg2 Qxg2+ 
33. Kxg2 Bxa4 34. Ng4 Be8 35. Bxe8 Kxe8 36. Nf6+ Ke7 37. Ng8+ Ke8 38. Rg1 a4 
39. Kf3 Nf7 40. Nf6+ Ke7 41. Ng8+ Ke8 42. Nf6+ Ke7 43. Ng8+ Ke8 1/2-1/2

[Event "Saturday 20 January Rapid Engine Tour 12+1 Rounds 9 Starts 1600 ST"]
[Site "Infinity Chess"]
[Date "2018.1.20"]
[Round "8"]
[White "Satria_Ungu"]
[Black "MarioDeMonti"]
[Result "1/2-1/2"]
[ECO "A46"]
[WhiteElo "2416"]
[BlackElo "2436"]
[WhiteEngine "Houdini 6_CTG"]
[BlackEngine "stockfish_x64_bmi2_2018_01_13_CTG"]
[EventType "Swiss"]
[WhiteTeam ""]
[BlackTeam ""]
[PlyCount "123"]
[TimeControl "720+1"]

1. d4 Nf6 2. Nf3 d5 3. c4 e6 4. Nc3 c6 5. Bg5 h6 6. Bxf6 Qxf6 7. e3 Nd7 
8. Qc2 g6 9. Bd3 Bg7 10. O-O O-O 11. a4 a5 12. Rad1 Qe7 13. Rfe1 dxc4 
14. Bxc4 Rd8 15. b3 Nb6 16. e4 e5 17. d5 Bd7 18. Re3 Qc5 19. Red3 Bf6 
20. Qd2 Kg7 21. Qa2 Rac8 22. h3 h5 23. Kh2 Be8 24. Kg1 Qb4 25. Ne1 Be7 
26. Rf3 Nxc4 27. Nc2 Qc5 28. bxc4 cxd5 29. cxd5 Rd6 30. Ne3 Kg8 31. Rd3 Bg5 
32. Kh2 Rb6 33. d6 Rxd6 34. Ncd5 Rdc6 35. g3 b6 36. h4 Bxe3 37. Rfxe3 Kg7 
38. Qb2 f6 39. Rf3 Bf7 40. Rd2 Rd8 41. Rc3 Qd6 42. Rb3 Rd7 43. Rb5 Qe6 
44. Rc2 Rxc2 45. Qxc2 Rb7 46. Kg2 f5 47. Qb2 fxe4 48. Ne3 Qd6 49. Rxe5 Qf6 
50. Qb5 Be6 51. Rxe4 Bd7 52. Qb3 Bc6 53. Nd5 Qd6 54. Qc3+ Kh6 55. Nf6 Bxe4+ 
56. Nxe4 Qf8 57. Qd2+ Kg7 58. Qd4+ Kh6 59. Qe3+ Kg7 60. Qd4+ Kh6 61. Qd2+ Kg7 
62. Qd4+ 1/2-1/2

[Event "Saturday 20 January Rapid Engine Tour 12+1 Rounds 9 Starts 1600 ST"]
[Site "Infinity Chess"]
[Date "2018.1.20"]
[Round "8"]
[White "Dovahkiin"]
[Black "angriff"]
[Result "1/2-1/2"]
[ECO ""]
[WhiteElo "2442"]
[BlackElo "2466"]
[WhiteEngine "BrainFish_180113_x64_modern_CTG"]
[BlackEngine "Raubfisch ME262_GTZ16b2_CTG"]
[EventType "Swiss"]
[WhiteTeam ""]
[BlackTeam ""]
[PlyCount "176"]
[TimeControl "720+1"]

1. e3 Nf6 2. d3 c5 3. d4 g6 4. Nf3 Bg7 5. Be2 d5 6. O-O O-O 7. dxc5 Ne4 
8. Nc3 Bxc3 9. bxc3 Nxc3 10. Qe1 Nxe2+ 11. Qxe2 Qa5 12. e4 dxe4 13. Qxe4 Re8 
14. Qe3 Qa4 15. Bb2 Qxc2 16. Rab1 Nd7 17. Rfc1 Qa4 18. a3 Nf8 19. Ba1 Qc6 
20. Nd4 Qd5 21. c6 bxc6 22. Nxc6 Qd6 23. Qc3 f6 24. Rd1 Qc7 25. Qf3 Be6 
26. Bd4 Rec8 27. Rbc1 a5 28. Rc5 Qb7 29. Re1 Qd7 30. h3 Kg7 31. Rec1 a4 
32. Qe4 Re8 33. Ne5 Qd8 34. Nc6 Qd6 35. Be3 Bb3 36. Nd4 Rab8 37. Ra5 Qd7 
38. Ra7 Bd5 39. Rxd7 Bxe4 40. Ra7 Ra8 41. Rcc7 Kf7 42. Nb5 Rxa7 43. Rxa7 Rd8 
44. Nc3 Bc6 45. Nxa4 g5 46. Nb6 Ng6 47. Rc7 Bb5 48. a4 Rd1+ 49. Kh2 Be2 
50. Rc1 Rxc1 51. Bxc1 Ke6 52. g4 Nf4 53. Ba3 Ng6 54. Kg3 Ne5 55. f4 gxf4+ 
56. Kxf4 Ba6 57. Kg3 Bb7 58. Kf4 Bc6 59. h4 Bb7 60. Kg3 Ba6 61. Kf4 Ng6+ 
62. Kg3 Ne5 63. Kf4 Bb7 64. Kg3 Kf7 65. Bc1 Nd3 66. Ba3 Ne5 67. Bc1 Ke6 
68. a5 Nc6 69. Bd2 Kd6 70. Kf4 Ba6 71. Be1 Bd3 72. g5 f5 73. Ke3 Bb5 74. h5 e5 
75. Bc3 Ke6 76. Na8 f4+ 77. Ke4 Ba4 78. Nc7+ Kd7 79. Bxe5 Bc2+ 80. Kxf4 Nxe5 
81. Nd5 Nc6 82. a6 Kd6 83. Nf6 Kc5 84. Nxh7 Bxh7 85. g6 Bxg6 86. hxg6 Kb6 
87. a7 Kxa7 88. g7 Ne7 1/2-1/2

[Event "Saturday 20 January Rapid Engine Tour 12+1 Rounds 9 Starts 1600 ST"]
[Site "Infinity Chess"]
[Date "2018.1.20"]
[Round "8"]
[White "Eman"]
[Black "KULLANI"]
[Result "1/2-1/2 "]
[ECO "C53"]
[WhiteElo "2468"]
[BlackElo "2440"]
[WhiteEngine "Eman 1.64b 64-bit POPCNT"]
[BlackEngine "BrainFish_180113_x64_CTG"]
[EventType "Swiss"]
[WhiteTeam ""]
[BlackTeam ""]
[PlyCount "114"]
[TimeControl "720+1"]

1. e4 e5 2. Nf3 Nc6 3. Bc4 Bc5 4. c3 Nf6 5. d4 exd4 6. e5 d5 7. Bb5 Ne4 
8. cxd4 Bb6 9. O-O Bg4 10. a4 a5 11. Nc3 O-O 12. Bxc6 bxc6 13. h3 Bh5 14. Ne2 c5 
15. dxc5 Bxc5 16. Nf4 Bxf3 17. Qxf3 Re8 18. Be3 Bf8 19. Nd3 c5 20. Rfd1 Rc8 
21. Qf5 g6 22. Qf4 c4 23. f3 g5 24. Qg4 cxd3 25. fxe4 Rxe5 26. Bf4 h5 
27. Qg3 Qb6+ 28. Kh1 Rxe4 29. Qxg5+ Qg6 30. Qxg6+ fxg6 31. g3 Rc2 32. Rxd3 Ree2 
33. Rxd5 Rh2+ 34. Kg1 Rhg2+ 35. Kh1 Rh2+ 36. Kg1 Rcg2+ 37. Kf1 Rxb2 
38. Kg1 Rbg2+ 39. Kf1 Rb2 40. Kg1 Rbg2+ 41. Kf1 Rc2 42. Kg1 Rhe2 43. Rxa5 Bc5+ 
44. Rxc5 Rxc5 45. a5 Rcc2 46. g4 Kf7 47. a6 Ra2 48. Rxa2 Rxa2 49. gxh5 gxh5 
50. a7 Rxa7 51. Kg2 Ra3 52. Bg3 Ra2+ 53. Kf1 Kg6 54. Bb8 Kf6 55. Bg3 Ke6 
56. Be1 Ke5 57. Bg3+ Kf6 1/2-1/2

[Event "Saturday 20 January Rapid Engine Tour 12+1 Rounds 9 Starts 1600 ST"]
[Site "Infinity Chess"]
[Date "2018.1.20"]
[Round "8"]
[White "Susanne"]
[Black "hafaba"]
[Result "1/2-1/2"]
[ECO "B00"]
[WhiteElo "2471"]
[BlackElo "2451"]
[WhiteEngine "asmFishW_2018-01-12_bmi2_CTG"]
[BlackEngine "Stockfish SL FA POPCNT_CTG"]
[EventType "Swiss"]
[WhiteTeam ""]
[BlackTeam ""]
[PlyCount "107"]
[TimeControl "720+1"]

1. e4 Nc6 2. d4 d5 3. e5 Bf5 4. c3 e6 5. Nd2 f6 6. f4 g5 7. Bb5 gxf4 
8. Ndf3 fxe5 9. Bxc6+ bxc6 10. dxe5 Ne7 11. Ne2 Ng6 12. O-O Bh6 13. Nfd4 Bg4 
14. h3 Bxe2 15. Qxe2 Qd7 16. Qh5 Bg7 17. Bxf4 O-O 18. Bg3 c5 19. Nf3 Rf5 
20. Ng5 Bxe5 21. Rxf5 exf5 22. Bxe5 Nxe5 23. Re1 Ng6 24. Nf3 Kh8 25. Qg5 Rg8 
26. h4 Qd6 27. Qxf5 Rf8 28. Qg5 Nf4 29. Ne5 d4 30. Nc4 Qf6 31. Qxf6+ Rxf6 
32. Kh2 dxc3 33. Re8+ Kg7 34. bxc3 Ra6 35. Re5 Rxa2 36. Kg3 Ne2+ 37. Kf3 Nxc3 
38. Re7+ Kf6 39. Rxc7 h5 40. g3 Nd5 41. Rc6+ Kf5 42. Rxc5 Ke6 43. g4 hxg4+ 
44. Kxg4 Nf6+ 45. Kh3 Ra4 46. Rc6+ Kf5 47. Kg2 Ne4 48. h5 Kf4 49. h6 Ra2+ 
50. Kg1 Ra1+ 51. Kh2 Ra2+ 52. Kg1 Ra1+ 53. Kh2 Ra2+ 54. Kg1 1/2-1/2

[Event "Saturday 20 January Rapid Engine Tour 12+1 Rounds 9 Starts 1600 ST"]
[Site "Infinity Chess"]
[Date "2018.1.20"]
[Round "8"]
[White "RonWeasley"]
[Black "NINJA_JENGKA"]
[Result "1/2-1/2"]
[ECO "C53"]
[WhiteElo "2478"]
[BlackElo "2454"]
[WhiteEngine "BrainFish 130117_CTG"]
[BlackEngine "Houdini 6_CTG"]
[EventType "Swiss"]
[WhiteTeam ""]
[BlackTeam ""]
[PlyCount "118"]
[TimeControl "720+1"]

1. e4 e5 2. Nf3 Nc6 3. Bc4 Bc5 4. c3 Nf6 5. d3 d6 6. Bb3 a5 7. Bg5 h6 8. Bh4 Qe7 
9. O-O Bd7 10. Re1 g5 11. Bg3 O-O-O 12. d4 Ba7 13. Na3 h5 14. h4 gxh4 
15. Bxh4 Rdg8 16. Qd3 Rg6 17. g3 Rhg8 18. Nc4 Qe8 19. Ba4 Kb8 20. Bxc6 Bxc6 
21. Nxa5 Ba4 22. b4 Qe6 23. Rab1 Bb6 24. Nb3 Qh3 25. Nc5 Be8 26. Qf1 Qxf1+ 
27. Kxf1 exd4 28. cxd4 dxc5 29. bxc5 Ba5 30. Re3 Ng4 31. Ra3 Ra6 32. Nd2 f5 
33. Nc4 fxe4 34. Nxa5 Kc8 35. d5 Rf8 36. Rbb3 Rf5 37. c6 b6 38. Nc4 Rxf2+ 
39. Ke1 Rxa2 40. Rxa2 Rxa2 41. Be7 Nh2 42. Rc3 Ra4 43. Kd2 Ng4 44. Rc1 Kb8 
45. Kc3 e3 46. Kb3 Ra8 47. Kc3 e2 48. Kd2 Ra4 49. Kxe2 Bf7 50. Nxb6 cxb6 
51. d6 Bc4+ 52. Rxc4 Rxc4 53. d7 Rd4 54. Bd8 Rxd7 55. cxd7 Ne5 56. Bxb6 Nxd7 
57. Bg1 Kc7 58. Kf3 Kd6 59. Ke4 Ke6 1/2-1/2

[Event "Saturday 20 January Rapid Engine Tour 12+1 Rounds 9 Starts 1600 ST"]
[Site "Infinity Chess"]
[Date "2018.1.20"]
[Round "8"]
[White "star99"]
[Black "Marsell"]
[Result "1/2-1/2"]
[ECO "D44"]
[WhiteElo "2445"]
[BlackElo "2480"]
[WhiteEngine "Cryptic AIL V1"]
[BlackEngine "asmFishW_2018-01-11_popcnt"]
[EventType "Swiss"]
[WhiteTeam ""]
[BlackTeam ""]
[PlyCount "35"]
[TimeControl "720+1"]

1. d4 d5 2. c4 e6 3. Nc3 Nf6 4. Nf3 c6 5. Bg5 h6 6. Bh4 dxc4 7. e4 g5 8. Bg3 b5 
9. Be2 Bb7 10. O-O Nbd7 11. Ne5 Bg7 12. Nxd7 Nxd7 13. Bd6 a6 14. Bh5 Bf8 
15. Bg3 Bg7 16. Bd6 Bf8 17. Bg3 Bg7 18. Bd6 1/2-1/2

[Event "Saturday 20 January Rapid Engine Tour 12+1 Rounds 9 Starts 1600 ST"]
[Site "Infinity Chess"]
[Date "2018.1.20"]
[Round "8"]
[White "SkyPilot"]
[Black "Neoxium"]
[Result "1/2-1/2"]
[ECO "E10"]
[WhiteElo "2462"]
[BlackElo "2487"]
[WhiteEngine "stockfish_x64_bmi2_2018_01_13_CTG"]
[BlackEngine "SF SL FA-IDeA"]
[EventType "Swiss"]
[WhiteTeam ""]
[BlackTeam ""]
[PlyCount "127"]
[TimeControl "720+1"]

1. d4 Nf6 2. c4 e6 3. Nf3 d5 4. Nc3 dxc4 5. e4 c5 6. Bxc4 cxd4 7. Nxd4 Bc5 
8. Be3 O-O 9. O-O Nbd7 10. Qe2 Qe7 11. Nf3 Bxe3 12. Qxe3 Nb6 13. Bb3 e5 
14. h3 Be6 15. Rfd1 Rfd8 16. Rxd8+ Rxd8 17. Qg5 Nbd7 18. Bxe6 Qxe6 19. Rd1 Re8 
20. Nh4 h6 21. Qg3 Kh7 22. Nf5 g6 23. Rd6 Qc4 24. Rxd7 Nxd7 25. Nd6 Qe6 
26. Nxe8 Qxe8 27. Nd5 Kg7 28. Qa3 a6 29. Qb4 Qc8 30. Qd6 Qc1+ 31. Kh2 Qc6 
32. Qxc6 bxc6 33. Nb4 Nb8 34. Kg3 Kf6 35. Kf3 Ke6 36. Ke3 Kd6 37. h4 Kc5 
38. Nd3+ Kd6 39. Nb4 Kc5 40. Nd3+ Kd6 41. Nc1 Nd7 42. Nb3 f6 43. g3 h5 
44. Na5 Nb6 45. f3 Na4 46. Nc4+ Kc5 47. b3 Nb6 48. Nxb6 Kxb6 49. a3 Kc5 
50. g4 Kb5 51. gxh5 gxh5 52. f4 c5 53. fxe5 fxe5 54. Kd3 Kb6 55. a4 Kc7 
56. a5 Kd6 57. Kc3 Kc7 58. Kc4 Kc6 59. b4 cxb4 60. Kxb4 Kd6 61. Kc4 Kc6 
62. Kb4 Kd6 63. Kc4 Kc6 64. Kb4 1/2-1/2

[Event "Saturday 20 January Rapid Engine Tour 12+1 Rounds 9 Starts 1600 ST"]
[Site "Infinity Chess"]
[Date "2018.1.20"]
[Round "8"]
[White "KhalidOmar"]
[Black "Murx"]
[Result "1/2-1/2"]
[ECO "E05"]
[WhiteElo "2472"]
[BlackElo "2498"]
[WhiteEngine "Eman 1.64b 64-bit BMI2"]
[BlackEngine "BrainFish_180113_x64_modern"]
[EventType "Swiss"]
[WhiteTeam ""]
[BlackTeam ""]
[PlyCount "100"]
[TimeControl "720+1"]

1. d4 Nf6 2. c4 e6 3. g3 d5 4. Bg2 dxc4 5. Nf3 Nc6 6. Qa4 Bb4+ 7. Bd2 Nd5 
8. Bxb4 Ndxb4 9. Nc3 Bd7 10. O-O a6 11. Ne5 b5 12. Qa3 Rb8 13. Nxc6 Nxc6 
14. d5 exd5 15. Nxd5 Ne7 16. Nb4 Qc8 17. Rfd1 Rb6 18. Rd2 O-O 19. Nxa6 Re8 
20. Nb4 Bh3 21. Bf3 h6 22. Rad1 Bg4 23. Bg2 c5 24. Qa5 Qc7 25. Nd5 Nxd5 
26. Bxd5 Rxe2 27. Rxe2 Bxe2 28. Re1 Bd3 29. Qa8+ Kh7 30. Qf8 Rb8 31. Re8 Rxe8 
32. Qxe8 Kg6 33. h4 b4 34. h5+ Kf6 35. Qe3 Qd6 36. Qf3+ Ke5 37. Bxf7 Qd4 
38. Qc6 Bf5 39. Qe8+ Kd6 40. Qd8+ Kc6 41. Qa8+ Kb6 42. Qb8+ Kc6 43. a3 Qd1+ 
44. Kh2 Qd4 45. Kg1 c3 46. bxc3 bxc3 47. Be8+ Kd5 48. Bf7+ Kc6 49. Be8+ Kd5 
50. Bf7+ Kc6 1/2-1/2

[Event "Saturday 20 January Rapid Engine Tour 12+1 Rounds 9 Starts 1600 ST"]
[Site "Infinity Chess"]
[Date "2018.1.20"]
[Round "8"]
[White "Deep_Impact"]
[Black "Harry_Potter"]
[Result "1/2-1/2"]
[ECO "E10"]
[WhiteElo "2525"]
[BlackElo "2479"]
[WhiteEngine "BrainFish_180113_x64_modern"]
[BlackEngine "BrainFish_180113_x64_bmi2_CTG"]
[EventType "Swiss"]
[WhiteTeam ""]
[BlackTeam ""]
[PlyCount "118"]
[TimeControl "720+1"]

1. d4 Nf6 2. c4 e6 3. Nf3 d5 4. Nc3 Be7 5. Bg5 h6 6. Bh4 O-O 7. e3 b6 8. Be2 Bb7 
9. Bxf6 Bxf6 10. cxd5 exd5 11. b4 c6 12. O-O Re8 13. Qb3 a5 14. bxa5 Rxa5 
15. a4 Bc8 16. Bd3 Be6 17. Rfc1 c5 18. Bb5 Rf8 19. Qa3 Qe7 20. e4 dxe4 
21. Nxe4 Bd7 22. Nxf6+ Qxf6 23. Qb3 Rd8 24. Rd1 Bxb5 25. axb5 Rxa1 26. Rxa1 Nd7 
27. Qa4 g6 28. Rd1 Kg7 29. h3 Rc8 30. dxc5 Nxc5 31. Qd4 Qxd4 32. Rxd4 Re8 
33. Rd6 Re6 34. Rxe6 Nxe6 35. Ne5 Nd4 36. f3 Nxb5 37. Nd7 g5 38. Nxb6 Kf6 
39. Kf2 Nd4 40. Nc4 h5 41. g3 Ne6 42. Ke3 Nc7 43. Kf2 Nd5 44. h4 gxh4 
45. gxh4 Nc3 46. Kg3 Ne2+ 47. Kf2 Nc3 48. Nb2 Kg6 49. Nd3 Nd1+ 50. Kg3 Kf6 
51. f4 Ne3 52. Ne5 Ke6 53. Kf3 f6 54. Kxe3 fxe5 55. Ke4 exf4 56. Kxf4 Kf6 
57. Ke4 Ke6 58. Kd3 Ke5 59. Ke3 Kf6 1/2-1/2

[Event "Saturday 20 January Rapid Engine Tour 12+1 Rounds 9 Starts 1600 ST"]
[Site "Infinity Chess"]
[Date "2018.1.20"]
[Round "7"]
[White "KULLANI"]
[Black "OlivierEvan"]
[Result "1-0"]
[ECO "D10"]
[WhiteElo "2426"]
[BlackElo "2387"]
[WhiteEngine "BrainFish_180113_x64_CTG"]
[BlackEngine "Houdini 6"]
[EventType "Swiss"]
[WhiteTeam ""]
[BlackTeam ""]
[PlyCount "81"]
[TimeControl "720+1"]

1. d4 d5 2. c4 c6 3. Nc3 e6 4. Nf3 dxc4 5. a4 Bb4 6. e3 b5 7. Bd2 a5 
8. axb5 Bxc3 9. Bxc3 cxb5 10. b3 Bb7 11. bxc4 b4 12. Bb2 Nf6 13. Bd3 Nbd7 
14. O-O O-O 15. Nd2 Qc7 16. Bc2 h6 17. f3 e5 18. Kh1 Rfc8 19. Bb3 Rd8 
20. Qc2 exd4 21. exd4 Qf4 22. d5 Nc5 23. Ne4 Nfxe4 24. fxe4 Qh4 25. Rae1 a4 
26. Ba2 Re8 27. Bb1 a3 28. e5 g6 29. Bc1 b3 30. Qc3 a2 31. e6 Nxe6 32. Bb2 Nd4 
33. Rxe8+ Rxe8 34. Bd3 Re3 35. Qd2 Re8 36. Qc3 Re3 37. Qd2 Re8 38. g3 Qg4 
39. Kg2 a1=R 40. Bxa1 Nc2 41. Bf6 1-0

[Event "Saturday 20 January Rapid Engine Tour 12+1 Rounds 9 Starts 1600 ST"]
[Site "Infinity Chess"]
[Date "2018.1.20"]
[Round "7"]
[White "neófito"]
[Black "Eman"]
[Result "0-1"]
[ECO "C55"]
[WhiteElo "2419"]
[BlackElo "2453"]
[WhiteEngine "asmFishW_2018-01-12_bmi2"]
[BlackEngine "Eman 1.64b 64-bit POPCNT"]
[EventType "Swiss"]
[WhiteTeam ""]
[BlackTeam ""]
[PlyCount "278"]
[TimeControl "720+1"]

1. e4 e5 2. Nf3 Nc6 3. Bc4 Nf6 4. d3 Bc5 5. c3 a5 6. Bg5 h6 7. Bh4 g5 8. Bg3 d6 
9. O-O O-O 10. a4 Kg7 11. Na3 Ne7 12. Nc2 Bb6 13. Ne3 Ng6 14. Bb3 Bxe3 
15. fxe3 Nh5 16. Bf2 g4 17. Nd2 Qg5 18. Qc2 Nf6 19. Rae1 h5 20. d4 h4 21. g3 Nh7 
22. Qd3 h3 23. Re2 b6 24. Be1 Ne7 25. Ref2 f6 26. Nc4 Ba6 27. Bc2 Qh6 28. b4 Ng5 
29. b5 Bc8 30. Nd2 Be6 31. c4 Rae8 32. Bb1 Rf7 33. Qc3 Kg8 34. Bc2 Ref8 
35. d5 Bd7 36. Qa3 Kh8 37. Qc3 Qh7 38. Qb3 Qg6 39. Qc3 Qg7 40. Qd3 Ng8 
41. Kh1 Ne7 42. Kg1 Ng8 43. Bb3 Qh7 44. Bc2 Qg6 45. Bb1 Be8 46. Bc2 Re7 
47. Nb1 Nh6 48. Kh1 Qh7 49. Bc3 Nf3 50. Nd2 Bh5 51. Nxf3 gxf3 52. Kg1 Nf7 
53. Rxf3 Bxf3 54. Rxf3 Nh6 55. Bb2 Ref7 56. Qf1 Ng4 57. Bc3 Rg8 58. Qd3 Rg5 
59. Qe2 Rd7 60. Rf1 Rdg7 61. Rf3 Qg6 62. Be1 Rd7 63. Bf2 Kg7 64. Rf5 Kf8 
65. Bd1 Rg7 66. Rf3 Ke8 67. Be1 Kd8 68. Kh1 Rh7 69. Rf5 Rg7 70. Rf3 Rf7 
71. Kg1 Kc8 72. Bc3 Rg7 73. Be1 Kb8 74. Bc2 Qh5 75. Rf1 Qh8 76. Bd3 Rg8 
77. Qd2 Qh6 78. Rf3 Rh8 79. Bc2 Rg6 80. Qe2 Qh7 81. Bc3 Rg5 82. Rf1 Rhg8 
83. Be1 R5g7 84. Rf3 Qh6 85. Bd3 Rh7 86. Bd2 Rgh8 87. Kf1 Rg8 88. Kg1 Qg7 
89. Qd1 Re8 90. Be1 Reh8 91. Qb1 Qg6 92. Bd2 Rf7 93. Qd1 Rg8 94. Qf1 Nh6 
95. Bc1 Rgf8 96. Rf2 f5 97. exf5 Nxf5 98. Qxh3 Qg5 99. Rf3 Rf6 100. Qg2 Nd4 
101. exd4 Qxc1+ 102. Qf1 Qg5 103. Rxf6 Rxf6 104. Qe2 exd4 105. Kg2 Rh6 
106. Qe4 Rh8 107. Qf4 Qh5 108. Qh4 Qxh4 109. gxh4 Rxh4 110. Kg3 Rh5 111. h3 Re5 
112. Kf4 Kc8 113. Be4 Kd7 114. Kf3 Ke7 115. Kf4 Kf6 116. h4 Kg7 117. Bd3 Re3 
118. Bf5 Kh6 119. Be4 Kh5 120. Bg2 Kxh4 121. Bf1 Kh5 122. c5 bxc5 123. Bc4 Kh4 
124. b6 cxb6 125. Ba2 Rg3 126. Kf5 d3 127. Bb1 d2 128. Bc2 Rc3 129. Bd1 Rc1 
130. Ke4 Rxd1 131. Kd3 Kg4 132. Ke3 c4 133. Ke2 c3 134. Kxd1 Kf3 135. Kc2 Ke2 
136. Kxc3 d1=Q 137. Kb2 Kd2 138. Ka3 Kc1 139. Ka2 Qxa4# 0-1

[Event "Saturday 20 January Rapid Engine Tour 12+1 Rounds 9 Starts 1600 ST"]
[Site "Infinity Chess"]
[Date "2018.1.20"]
[Round "7"]
[White "tris77"]
[Black "Gilgamesch"]
[Result "1/2-1/2"]
[ECO "C65"]
[WhiteElo "2344"]
[BlackElo "2476"]
[WhiteEngine "Raubfisch ME262_GTZ16b2_CTG"]
[BlackEngine "BrainFish_171005_x64_bmi2"]
[EventType "Swiss"]
[WhiteTeam ""]
[BlackTeam ""]
[PlyCount "61"]
[TimeControl "720+1"]

1. e4 e5 2. Nf3 Nc6 3. Bb5 Nf6 4. O-O Nxe4 5. d4 Nd6 6. Bxc6 dxc6 7. dxe5 Nf5 
8. Qxd8+ Kxd8 9. Nc3 Bd7 10. Rd1 Kc8 11. Ng5 Be8 12. Rd3 Be7 13. Nge4 b6 
14. b3 a5 15. Bb2 Bd7 16. a4 Be6 17. Ne2 g5 18. Nd6+ Bxd6 19. exd6 Rd8 
20. Bf6 Rxd6 21. Rxd6 cxd6 22. Bxg5 Kd7 23. Rd1 c5 24. Kf1 c4 25. Rb1 cxb3 
26. cxb3 Rb8 27. Nc3 Nd4 28. Rd1 Nf5 29. Rb1 Nd4 30. Rd1 Nf5 31. Rb1 1/2-1/2

[Event "Saturday 20 January Rapid Engine Tour 12+1 Rounds 9 Starts 1600 ST"]
[Site "Infinity Chess"]
[Date "2018.1.20"]
[Round "7"]
[White "incredible"]
[Black "Satria_Ungu"]
[Result "1/2-1/2"]
[ECO "A40"]
[WhiteElo "2435"]
[BlackElo "2415"]
[WhiteEngine "Stockfish_x64_bmi2"]
[BlackEngine "Houdini 6_CTG"]
[EventType "Swiss"]
[WhiteTeam ""]
[BlackTeam ""]
[PlyCount "47"]
[TimeControl "720+1"]

1. d4 c6 2. e4 d5 3. e5 c5 4. dxc5 e6 5. a3 Bxc5 6. b4 Bb6 7. Qg4 Ne7 
8. Qxg7 Rg8 9. Qxh7 Qc7 10. f4 a5 11. Nf3 axb4 12. Bb2 Nbc6 13. Nbd2 Bd7 
14. g3 Bc5 15. a4 Qb6 16. Bd3 O-O-O 17. Rf1 b3 18. Nxb3 Rh8 19. Qxf7 Rdf8 
20. Qg7 Rfg8 21. Qf6 Rf8 22. Qg7 Rhg8 23. Qh7 Rh8 24. Qg7 1/2-1/2

[Event "Saturday 20 January Rapid Engine Tour 12+1 Rounds 9 Starts 1600 ST"]
[Site "Infinity Chess"]
[Date "2018.1.20"]
[Round "7"]
[White "BraveDevil"]
[Black "Thinker"]
[Result "1/2-1/2"]
[ECO "D15"]
[WhiteElo "2379"]
[BlackElo "2426"]
[WhiteEngine "Cryptic AIL V1"]
[BlackEngine "BrainFish_180113_x64_modern_CTG"]
[EventType "Swiss"]
[WhiteTeam ""]
[BlackTeam ""]
[PlyCount "123"]
[TimeControl "720+1"]

1. d4 d5 2. c4 c6 3. Nf3 Nf6 4. Nc3 e6 5. e3 Nbd7 6. h3 Bd6 7. b3 Ne4 
8. Nxe4 dxe4 9. Nd2 f5 10. c5 Bc7 11. Qh5+ g6 12. Qh6 Nf6 13. Nc4 Qe7 
14. Ba3 Ng8 15. Nd6+ Bxd6 16. cxd6 Nxh6 17. dxe7 Ng8 18. d5 Nxe7 19. dxc6 Nxc6 
20. O-O-O Bd7 21. Bc4 Ne7 22. Rd2 b5 23. Rhd1 bxc4 24. Rxd7 Nd5 25. Rb7 cxb3 
26. axb3 O-O-O 27. Rxa7 Nc7 28. Rxd8+ Rxd8 29. Bb4 Rd7 30. Bc5 Nd5 31. Ra8+ Kb7 
32. Ra5 Nc7 33. Kc2 Rd5 34. b4 Rd3 35. Ra7+ Kc6 36. h4 h5 37. f3 e5 
38. fxe4 fxe4 39. Ra5 Nd5 40. Ra6+ Kb5 41. Rxg6 Nxb4+ 42. Bxb4 Kxb4 43. Rh6 Rxe3 
44. Kd2 Ra3 45. Rxh5 Kc5 46. Rxe5+ Kd4 47. Rg5 e3+ 48. Ke2 Ra2+ 49. Kf1 Ra1+ 
50. Ke2 Ra2+ 51. Kf1 Ke4 52. h5 Ra8 53. g3 Kd3 54. Rd5+ Ke4 55. Rc5 Ra2 
56. g4 Ra8 57. g5 Ra1+ 58. Ke2 Ra2+ 59. Kd1 Ra1+ 60. Ke2 Ra2+ 61. Kd1 Ra1+ 
62. Ke2 1/2-1/2

[Event "Saturday 20 January Rapid Engine Tour 12+1 Rounds 9 Starts 1600 ST"]
[Site "Infinity Chess"]
[Date "2018.1.20"]
[Round "7"]
[White "MarioDeMonti"]
[Black "hafaba"]
[Result "1/2-1/2"]
[ECO "B00"]
[WhiteElo "2435"]
[BlackElo "2452"]
[WhiteEngine "stockfish_x64_bmi2_2018_01_13_CTG"]
[BlackEngine "Stockfish SL FA POPCNT_CTG"]
[EventType "Swiss"]
[WhiteTeam ""]
[BlackTeam ""]
[PlyCount "94"]
[TimeControl "720+1"]

1. e4 Nc6 2. Nf3 e5 3. Bc4 Nf6 4. d3 Bc5 5. c3 a5 6. O-O d6 7. Re1 O-O 
8. Nbd2 a4 9. Bb5 Bd7 10. Nf1 Ng4 11. Re2 Ra5 12. Bxc6 Bxc6 13. h3 Nf6 
14. Ng3 Bb6 15. Qc2 Re8 16. Be3 Bxe3 17. Rxe3 Nd7 18. d4 Nf8 19. d5 Bd7 
20. c4 Ng6 21. Ra3 h6 22. Qd2 Ra8 23. b4 axb3 24. axb3 Rxa3 25. Rxa3 Nf4 
26. Ne2 Ng6 27. Ng3 Nf4 28. b4 Qc8 29. Ne1 c6 30. Rc3 cxd5 31. exd5 Qa8 
32. Ne4 Qa6 33. Qe3 Rd8 34. Kh2 Bf5 35. Ra3 Qxc4 36. Qb6 Qxe4 37. Qxd8+ Kh7 
38. Nf3 Qxb4 39. Ra8 Nxh3 40. Qh8+ Kg6 41. Rg8 Kh5 42. Qxg7 Ng5 43. Nxg5 Qf4+ 
44. Kg1 Qc1+ 45. Kh2 Qf4+ 46. Kg1 Qc1+ 47. Kh2 Qf4+ 1/2-1/2

[Event "Saturday 20 January Rapid Engine Tour 12+1 Rounds 9 Starts 1600 ST"]
[Site "Infinity Chess"]
[Date "2018.1.20"]
[Round "7"]
[White "Dovahkiin"]
[Black "NINJA_JENGKA"]
[Result "1/2-1/2"]
[ECO ""]
[WhiteElo "2442"]
[BlackElo "2454"]
[WhiteEngine "BrainFish_180113_x64_modern_CTG"]
[BlackEngine "Houdini 6_CTG"]
[EventType "Swiss"]
[WhiteTeam ""]
[BlackTeam ""]
[PlyCount "61"]
[TimeControl "720+1"]

1. e3 Nf6 2. d3 d5 3. d4 c5 4. Nf3 Nc6 5. c3 Bg4 6. h3 Bh5 7. dxc5 e5 8. g4 Bg6 
9. b4 Be7 10. Bb2 O-O 11. Nbd2 Ne4 12. Bg2 Nxd2 13. Nxd2 Bd3 14. a3 e4 15. c4 d4 
16. Nxe4 dxe3 17. Nd6 exf2+ 18. Kxf2 Bxd6 19. cxd6 Qxd6 20. Qd2 Qg6 21. b5 Nd8 
22. Rac1 Ne6 23. Rhe1 Rac8 24. Bd5 h6 25. Kg3 Rcd8 26. Qc3 Nc5 27. Qe5 Nb3 
28. Rc3 Nc5 29. Rcc1 Nb3 30. Rc3 Nc5 31. Rcc1 1/2-1/2

[Event "Saturday 20 January Rapid Engine Tour 12+1 Rounds 9 Starts 1600 ST"]
[Site "Infinity Chess"]
[Date "2018.1.20"]
[Round "7"]
[White "Harry_Potter"]
[Black "Cepri"]
[Result "1-0"]
[ECO "C77"]
[WhiteElo "2464"]
[BlackElo "2439"]
[WhiteEngine "BrainFish_180113_x64_bmi2_CTG"]
[BlackEngine "asmFishW_12J18Mb_CTG"]
[EventType "Swiss"]
[WhiteTeam ""]
[BlackTeam ""]
[PlyCount "179"]
[TimeControl "720+1"]

1. e4 e5 2. Nf3 Nc6 3. Bb5 a6 4. Ba4 Nf6 5. d3 Bc5 6. O-O d6 7. c3 O-O 8. Bg5 h6 
9. Bh4 Ba7 10. Nbd2 g5 11. Bg3 Ne7 12. Bb3 Nh5 13. Nxe5 Nxg3 14. Nxf7 Rxf7 
15. Bxf7+ Kxf7 16. hxg3 Kg7 17. a4 Bd7 18. b4 Ng6 19. d4 g4 20. b5 Qe8 
21. bxa6 bxa6 22. Qe2 a5 23. Rfe1 Qe6 24. Nc4 Rf8 25. Rab1 Bc8 26. Nxa5 Ne5 
27. Red1 Kh7 28. Kh1 Qe8 29. Nb3 Nf7 30. a5 Kg7 31. Kg1 Ng5 32. Re1 Qc6 
33. c4 Re8 34. Qc2 Rxe4 35. Rxe4 Nxe4 36. Re1 Nf6 37. d5 Qb7 38. c5 Kf7 
39. cxd6 cxd6 40. Nc1 h5 41. Nd3 Bf5 42. Ne5+ dxe5 43. Qxf5 Qxd5 44. Rxe5 Qc4 
45. Rb5 Qc6 46. Qb1 Bd4 47. Rb4 Qc5 48. Rb7+ Ke6 49. Qe1+ Kf5 50. Qe2 Kg6 
51. Rb5 Qc3 52. Kh2 Qc6 53. Rb4 Ba7 54. Qd3+ Kh6 55. a6 Qc5 56. Rf4 Qb6 
57. Rf5 Kg7 58. Rg5+ Kf7 59. Qg6+ Ke6 60. Qf5+ Kf7 61. Rxh5 Qxf2 62. Rh7+ Kf8 
63. Qxf2 Bxf2 64. Rb7 Kg8 65. a7 Bxa7 66. Rxa7 Ne4 67. Kg1 Nxg3 68. Rc7 Kf8 
69. Rc4 Ke7 70. Rxg4 Ne2+ 71. Kf2 Nc3 72. Rc4 Nd5 73. Kf3 Ke6 74. Rc1 Nb4 
75. Ke4 Kd7 76. Rb1 Na6 77. Kd4 Kc7 78. g4 Kd8 79. g5 Nc7 80. Ke5 Ke8 
81. Rb7 Kd8 82. Rxc7 Kxc7 83. g6 Kb6 84. g7 Ka5 85. g8=Q Kb4 86. Kd4 Kb5 
87. Qe6 Ka4 88. Qb6 Ka3 89. Kc3 Ka2 90. Qb2# 1-0